 Dungeon Crawl Stone Soup version 0.28.0-53-g5a82cb258f (webtiles) character file.

Game seed: 11507125359687339768

37 SanguineChosen the Skirmisher (level 3, -1/34 HPs)
             Began as a Minotaur Berserker on Aug 3, 2022.
             Was a Follower of Trog.
             Slain by a gnoll
             ... wielding a +0 flail
              (9 damage)
             ... on level 2 of the Dungeon.
             The game lasted 00:04:22 (1459 turns).

SanguineChosen the Skirmisher (Minotaur Berserker)  Turns: 1459, Time: 00:04:22

Health: -1/34      AC:  2    Str: 23    XL:     3   Next: 21%
Magic:  2/2        EV: 12    Int:  4    God:    Trog [*.....]
Gold:   29         SH:  0    Dex:  9    Spells: 2/2 levels left

rFire   . . .      SeeInvis .   a - +0 hand axe
rCold   . . .      Faith    .   (no shield)
rNeg    . . .      Spirit   .   b - +0 animal skin
rPois   .          Reflect  .   (helmet restricted)
rElec   .          Harm     .   (no cloak)
rCorr   .          Rampage  .   (no gloves)
Will    .....                   (no boots)
Stlth   +.........              c - amulet of the acrobat
HPRegen 0.11/turn               (no ring)
MPRegen 0.08/turn               (no ring)

@: no status effects
A: horns 2, retaliatory headbutt
a: Renounce Religion, Berserk


You were on level 2 of the Dungeon.
You worshipped Trog.
Trog was aware of your devotion.
You visited 1 branch of the dungeon, and saw 2 of its levels.

You collected 29 gold pieces.

Inventory:

Hand Weapons
 a - a +0 hand axe (weapon)
Armour
 b - a +0 animal skin (worn)
Jewellery
 c - an amulet of the acrobat (around neck)
Scrolls
 e - a scroll of identify {unknown}
Potions
 d - a potion of ambrosia {unknown}


   Skills:
 + Level 4.5 Fighting
 + Level 4.3 Axes
 + Level 2.5 Armour
 + Level 2.3 Dodging
 + Level 0.1 Stealth


You had 2 spell levels left.
You didn't know any spells.
Your spell library was empty.

Dungeon Overview and Level Annotations

Branches:
Dungeon (2/15)

Altars:

Shops:
D:1 =


Innate Abilities, Weirdness & Mutations

You have a pair of horns on your head.
You reflexively headbutt those who attack you in melee.


Message History

You feel stronger. x2
Things that are here:
a +0 halberd; a gnoll corpse
There is a stone staircase leading up here.
You start resting.
HP restored.
Things that are here:
a +0 halberd; a gnoll corpse An endoplasm comes into view.
An endoplasm is nearby!
The helpless endoplasm fails to defend itself.
You hit the endoplasm.
You kill the endoplasm!
Trog accepts your kill. 2 gnolls come into view.
The gnoll shouts!
You see here 21 arrows.
A ball python comes into view.
The gnoll completely misses you.
There is a stone staircase leading up here.
The ball python hisses angrily.
You hit the gnoll.
The gnoll is moderately wounded.
The gnoll hits you from afar with a +0 halberd!
The gnoll hits you with a +0 flail. The gnoll misses you.
The ball python completely misses you. The ball python misses you.
The gnoll completely misses you. You furiously retaliate!
You headbutt the gnoll! You hit the gnoll.
The gnoll is heavily wounded.
You hit the ball python.
You kill the ball python!
Trog accepts your kill.
You barely miss the gnoll. The gnoll hits you with a +0 halberd!
* * * LOW HITPOINT WARNING * * *
The gnoll closely misses you. The gnoll completely misses you. x2
There is a stone staircase leading up, spattered with blood here.
The gnoll barely misses you. The gnoll hits you with a +0 flail!
You die...

#.## ## .. ... ..#.#
... #.#.. ..#
#.#.####.#
#......#.#####.#
#.#.##.#g......#
#.#.##.#.#
####......g@#
######...<.).#.#.....#
.<.....##.##.#.#.....#
..........##.#.......#
.......#####.###.....#
######.# #.# #.....#
.. ..# ####### # #.#
#.#


You could see 2 gnolls.

Vanquished Creatures
  A gnoll (D:2)
  3 bats
  3 endoplasms
  A giant cockroach (D:2)
  2 goblins (D:1)
  3 hobgoblins (D:1)
  3 jackals (D:1)
  2 quokkas (D:1)
  A ball python (D:2)
  2 kobolds (D:1)
  3 rats
24 creatures vanquished.

Vanquished Creatures (others)
  2 plants (D:1)
2 creatures vanquished.

Grand Total: 26 creatures vanquished

Notes
Turn   | Place    | Note
-------+----------+-------------------------------------------
     0 | D:1      | SanguineChosen the Minotaur Berserker began the quest for
                  | the Orb.
     0 | D:1      | Reached XP level 1. HP: 19/19 MP: 0/0
   308 | D:1      | Reached XP level 2. HP: 22/27 MP: 1/1
   814 | D:1      | Found Kiudoeplo's Jewellery Shop.
  1287 | D:2      | Reached XP level 3. HP: 17/34 MP: 2/2
  1459 | D:2      | Slain by a gnoll

Illustrated notes

Levels and vault maps discovered:
D:1:      beargit_arrival_greenhouse, layout_loops_ring, serial_bayou,
          serial_bayou_lagoon_b, serial_bayou_pond_d, serial_bayou_ford_a,
          serial_bayou_crossing, serial_shops, nicolae_shop_behind_doors
D:2:      layout_loops_cross, serial_rivers, chequers_serial_rivers_marsh,
          chequers_serial_rivers_room_a, chequers_serial_rivers_room_a,
          chequers_serial_rivers_small_a, chequers_serial_rivers_micro_d,
          chequers_serial_rivers_micro_a, shapermc_ecumenical_altar_petra,
          uniq_terence

Skill      XL: |  1  2 |
---------------+-------+-----
Axes           | 4 |  4.3
Fighting       | 4 |  4.5
Armour         | |  2.5
Dodging        | |  2.3
Stealth        | |  0.1

Action                   || total
-------------------------++-------
Melee: Hand axe          ||    57
       Headbutt          ||     3
 Stab: Sleeping          ||     2
Armor: Animal skin       ||     5
Dodge: Dodged            ||    41
